 Dungeon Crawl Stone Soup version 0.18.1-50-g88ac8fd (webtiles) character file.

10175 mvemjsun the Covert (level 11, -9/54 HPs)
             Began as a Spriggan Enchanter on Oct 6, 2016.
             Was a Priest of Kikubaaqudgha.
             Mangled by a seven-headed hydra (10 damage)
             ... on level 1 of the Lair of Beasts.
             The game lasted 00:57:39 (14823 turns).

mvemjsun the Covert (Spriggan Enchanter)           Turns: 14823, Time: 00:57:39

Health: -9/54      AC:  3    Str:  6    XL:     11   Next: 32%
Magic:  34/39      EV: 25    Int: 18    God:    Kikubaaqudgha [***...]
Gold:   561        SH:  5    Dex: 17    Spells: 8 memorised, 5 levels left

rFire  . . .     SeeInvis +     h - +0 dagger (vamp)
rCold  . . .     Gourm    .     (armour restricted)
rNeg   . . .     Faith    .     L - +0 buckler
rPois  .         Spirit   .     (helmet restricted)
rElec  .         Dismiss  .     v - +0 cloak
rCorr  .         Reflect  .     (gloves unavailable)
SustAt .         Harm     .     (boots unavailable)
MR     +....                    (no amulet)
Stlth  +++++++...               x - ring of magical power
                                K - ring of magical power

@: very quick, somewhat resistant to hostile enchantments, extremely stealthy
A: unfitting armour, slimy green scales 1, see invisible, herbivore 3, speed 3,
slow metabolism 2, subdued magic 2
a: Receive Corpses, Renounce Religion


You were on level 1 of the Lair of Beasts.
You worshipped Kikubaaqudgha.
Kikubaaqudgha was most pleased with you.
You were not hungry.

You visited 3 branches of the dungeon, and saw 12 of its levels.
You also visited: Ossuary.

You collected 561 gold pieces.

Inventory:

Hand Weapons
 h - a +0 vampiric dagger (weapon)
Armour
 a - a +2 robe of magic resistance
 v - a +0 cloak (worn)
 L - a +0 buckler (worn)
Jewellery
 f - an uncursed ring of ice
 u - a +1 ring of protection
 x - a ring of magical power (right hand)
 A - a +3 ring of strength
 B - an uncursed ring of positive energy
 F - an uncursed ring of ice
 K - a ring of magical power (left hand)
Wands
 g - a wand of paralysis (10/24)
 E - a wand of disintegration (11/24)
 H - a wand of flame (25/48)
 M - a wand of confusion (29/48)
Scrolls
 i - 5 scrolls of identify
 j - 6 scrolls of teleportation
 k - 3 scrolls of enchant armour
 q - 2 scrolls of enchant weapon
 r - 2 scrolls of blinking
 w - a scroll of remove curse
 D - a scroll of recharging
 I - a scroll of fear
 N - a scroll of magic mapping
Potions
 l - 2 potions of agility
 m - a potion of cancellation
 n - 8 potions of curing
 o - 2 potions of berserk rage
 z - 2 potions of might
 G - a potion of flight
 O - a potion of heal wounds
Books
 c - a book of Maledictions

   Spells                             Type                      Level
   a - Corona                         Hexes                        1
   b - Ensorcelled Hibernation        Hexes/Ice                    2
   c - Confuse                        Hexes                        3
   d - Tukima's Dance                 Hexes                        3
   e - Dazzling Spray                 Conjuration/Hexes            3
 s - a book of Necromancy

   Spells                             Type                      Level
   a - Pain                           Necromancy                   1
   b - Animate Skeleton               Necromancy                   1
   c - Vampiric Draining              Necromancy                   3
   d - Regeneration                   Charms/Necromancy            3
   e - Animate Dead                   Necromancy                   4
   f - Control Undead                 Necromancy                   4
 y - a Young Poisoner's Handbook

   Spells                             Type                      Level
   a - Sting                          Conjuration/Poison           1
   b - Cure Poison                    Poison                       2
   c - Mephitic Cloud                 Conjuration/Poison/Air       3
   d - Olgreb's Toxic Radiance        Poison                       4
   e - Venom Bolt                     Conjuration/Poison           5
 C - Kikubaaqudgha's Incunabulum of Evil Secrets
   (Kikubaaqudgha gifted it to you on level 6 of the Dungeon)

   Spells                             Type                      Level
   a - Animate Skeleton               Necromancy                   1
   b - Corpse Rot                     Necromancy                   2
   c - Sublimation of Blood           Necromancy                   2
   d - Vampiric Draining              Necromancy                   3
   e - Control Undead                 Necromancy                   4
 J - Kikubaaqudgha's Reference Book on Black Magic
   (Kikubaaqudgha gifted it to you on level 9 of the Dungeon)

   Spells                             Type                      Level
   a - Animate Dead                   Necromancy                   4
   b - Excruciating Wounds            Charms/Necromancy            5
   c - Agony                          Necromancy                   5
   d - Dispel Undead                  Necromancy                   5
   e - Death Channel                  Necromancy                   6
Comestibles
 b - 8 slices of pizza
 d - 4 bread rations


   Skills:
 + Level 4.8 Fighting
 + Level 9.8 Short Blades
 + Level 10.6 Dodging
 + Level 13.6 Stealth
 - Level 6.2 Spellcasting
 + Level 9.7 Hexes


You had 5 spell levels left.
You knew the following spells:

 Your Spells              Type           Power        Failure   Level  Hunger
a - Corona                Hex            ####...      1%          1    None
b - Ensorcelled Hibernat  Hex/Ice        ##....       3%          2    None
c - Confuse               Hex            ####....     1%          3    ##.....
d - Tukima's Dance        Hex            ####....     1%          3    ##.....
e - Cure Poison           Pois           #.........   22%         2    None
f - Animate Skeleton      Necr           N/A          14%         1    None
g - Corpse Rot            Necr           N/A          22%         2    None
h - Mephitic Cloud        Conj/Pois/Air  #.......     54%         3    ##.....


Dungeon Overview and Level Annotations

Branches:
Dungeon (9/15)             Temple (1/1) D:4            Lair (2/8) D:9
    Orc: D:9-12

Altars:
Ashenzari
Cheibriados
Dithmenos
Elyvilon
Fedhas
Gozag
Kikubaaqudgha
Makhleb
Nemelex Xobeh
Okawaru
Pakellas
Qazlal
Ru
Sif Muna
Trog
Vehumet
Xom
Yredelemnul
Zin
The Shining One

Shops:
D:6 :


Innate Abilities, Weirdness & Mutations

You are tiny and cannot use many weapons and most armour.
You have supernaturally acute eyesight.
You are a herbivore.
You cover ground extremely quickly.
You need consume almost no food.
You are partially covered in slimy green scales (AC +2).
Your spells are easier to cast, but less powerful.


Message History

The seven-headed hydra closely misses you.
The seven-headed hydra misses you.
The seven-headed hydra closely misses you.
The seven-headed hydra bites you! The seven-headed hydra bites you.
The seven-headed hydra completely misses you. x2
Casting: Ensorcelled Hibernation
Confirm with . or Enter, or press ? or * to list all spells.
Aiming: Ensorcelled Hibernation
Press: ? - help, Shift-Dir - straight line, f/p - seven-headed hydra
Aim: a seven-headed hydra (chance to defeat MR: 15%)
The seven-headed hydra resists with almost no effort.
The seven-headed hydra misses you. The seven-headed hydra bites you! x2
* * * LOW HITPOINT WARNING * * *
The seven-headed hydra misses you.
The seven-headed hydra closely misses you.
The seven-headed hydra bites you!
* * * LOW HITPOINT WARNING * * *
The seven-headed hydra bites you!
You die...
Kikubaaqudgha rasps: "You have failed me!
Welcome... death!"

#.. ##..# # ...# ## ######
#...### .#######.##PP##..##.####
.......................#
.......................#
#.#.#............D.....#
................@#...#.##
#.#.###..#....##.#......#
.......................##
#.#.#..........?.#.....##
........................#
#.#>#............#.....##
.......................#######
.................#.....##.#PP####
.................#..............#


You could see a seven-headed hydra.

Vanquished Creatures
  An unseen horror (D:9)
  A black mamba (Lair:1)
  3 spiny frogs (Lair:1)
  A komodo dragon (Lair:1)
  2 blink frogs (Lair:1)
  A wraith (Ossuary)
  5 yaks (Lair:1)
  A human (D:7)
  5 hippogriffs
  3 hungry ghosts
  2 hell hounds (D:9)
  3 water moccasins
  A porcupine (Lair:1)
  3 black bears (D:9)
  An ice beast (D:9)
  2 orc warriors
  A wasp (D:9)
  A necrophage (D:8)
  8 ogres
  6 wolves (Lair:1)
  2 centaurs
  A crocodile (D:9)
  4 big kobolds
  2 gnoll sergeants
  5 giant frogs
  A scorpion (D:9)
  12 killer bees
  5 wights
  4 howler monkeys (D:9)
  3 crimson imps (D:8)
  5 hounds
  6 orc priests
  3 jellies
  A giant frog zombie (D:9)
  A giant frog skeleton (D:4)
  4 iguanas
  9 orc wizards
  4 worker ants
  Natasha (twice) (D:4)
  A killer bee zombie (D:7)
  9 sheep
  A hound zombie (D:9)
  A mummy (Ossuary)
  A worker ant zombie (D:8)
  6 gnolls
  A howler monkey skeleton (D:9)
  7 adders
  5 shadow imps
  An adder skeleton (D:8)
  3 worms
  2 dart slugs
  7 giant geckos
  25 orcs
  2 ball pythons
  8 giant cockroaches
  7 goblins
  7 hobgoblins
  6 jackals
  16 kobolds
  5 quokkas
  5 bats
  3 giant gecko skeletons
  6 giant newts
  10 gnoll skeletons (Ossuary)
  3 kobold skeletons (Ossuary)
  12 orc skeletons (Ossuary)
  7 rats
292 creatures vanquished.

Vanquished Creatures (others)
  2 dancing weapons
2 creatures vanquished.

Grand Total: 294 creatures vanquished

Notes
Turn   | Place    | Note
--------------------------------------------------------------
     0 | D:1      | mvemjsun the Spriggan Enchanter began the quest for the Orb.
     0 | D:1      | Reached XP level 1. HP: 9/9 MP: 5/5
   522 | D:1      | Reached XP level 2. HP: 13/13 MP: 6/6
   526 | D:1      | Learned a level 2 spell: Ensorcelled Hibernation
   821 | D:2      | Reached skill level 5 in Stealth
   822 | D:2      | Found an opulent altar of Gozag.
   881 | D:2      | Reached XP level 3. HP: 13/16 MP: 4/8
  1164 | D:2      | Found an oddly glowing altar of Pakellas.
  1211 | D:2      | Found a radiant altar of Vehumet.
  1211 | D:2      | Found a bloodstained altar of Trog.
  1625 | D:3      | Found a shadowy altar of Dithmenos.
  1798 | D:3      | Reached XP level 4. HP: 21/21 MP: 9/9
  1813 | D:3      | Found a deep blue altar of Sif Muna.
  1814 | D:3      | Found a glowing silver altar of Zin.
  2035 | D:3      | Found a glowing drain.
  2225 | D:3      | Found a faded altar to an unknown god.
  2251 | D:3      | Reached skill level 6 in Stealth
  2456 | D:4      | Noticed Natasha
  2463 | D:4      | Killed Natasha
  2463 | D:4      | Reached XP level 5. HP: 23/24 MP: 10/10
  2517 | D:4      | Found a staircase to the Ecumenical Temple.
  2523 | Temple   | Entered the Ecumenical Temple
  2764 | Temple   | Became a worshipper of Kikubaaqudgha
  2801 | D:4      | Noticed an ogre
  2810 | D:4      | Killed an ogre
  2810 | D:4      | Reached skill level 5 in Short Blades
  2810 | D:4      | Reached XP level 6. HP: 28/28 MP: 11/11
  2816 | D:4      | Learned a level 3 spell: Confuse
  2820 | D:4      | Learned a level 3 spell: Tukima's Dance
  2885 | D:4      | Noticed Natasha
  2890 | D:4      | Killed Natasha
  2890 | D:4      | Reached skill level 7 in Stealth
  3421 | D:5      | Entered Level 5 of the Dungeon
  3690 | D:5      | Reached skill level 8 in Stealth
  3694 | D:5      | Learned a level 2 spell: Cure Poison
  3704 | D:5      | Found a blossoming altar of Fedhas.
  3753 | D:5      | Learned a level 1 spell: Animate Skeleton
  3760 | D:5      | Found a stormy altar of Qazlal.
  3769 | D:5      | Found a radiant altar of Vehumet.
  3966 | D:6      | Found a sacrificial altar of Ru.
  3980 | D:6      | Reached XP level 7. HP: 25/32 MP: 14/14
  4019 | D:6      | Reached skill level 5 in Hexes
  4388 | D:6      | Found a shattered altar of Ashenzari.
  4392 | D:6      | Found a glowing golden altar of the Shining One.
  4397 | D:6      | Found an iron altar of Okawaru.
  4451 | D:6      | Found Cuceuliag's Book Shop.
  4609 | D:6      | Reached XP level 8. HP: 36/36 MP: 15/15
  4694 | D:6      | Reached * piety under Kikubaaqudgha
  4694 | D:6      | Received a gift from Kikubaaqudgha
  4699 | D:6      | Identified Kikubaaqudgha's Incunabulum of Evil Secrets (Kikubaaqudgha gifted it to you on level 6 of the Dungeon)
  4705 | D:6      | Learned a level 2 spell: Corpse Rot
  4826 | D:6      | Gained mutation: You are partially covered in slimy green scales (AC +2). [potion of mutation]
  4826 | D:6      | Gained mutation: You evolve. [potion of mutation]
  4826 | D:6      | Gained mutation: You are clumsy. (Dex -2) [potion of mutation]
  4828 | D:6      | Gained mutation: Your body sometimes deteriorates upon taking damage. [potion of mutation]
  4828 | D:6      | Gained mutation: Your spells are a little easier to cast, but a little less powerful. [potion of mutation]
  4931 | D:7      | Found a sand-covered staircase.
  4940 | Ossuary  | Entered an ossuary
  5139 | Ossuary  | Lost strength.
  5415 | Ossuary  | Reached skill level 1 in Fighting
  5466 | Ossuary  | Lost strength.
  5481 | Ossuary  | Gained mutation: Your spells are easier to cast, but less powerful. [potion of mutation]
  5481 | Ossuary  | Gained mutation: You are very clumsy. (Dex -4) [potion of mutation]
  5500 | Ossuary  | Reached skill level 5 in Dodging
  7396 | D:7      | Lost mutation: You are very clumsy. (Dex -4) [evolution]
  7945 | D:7      | Reached XP level 9. HP: 44/44 MP: 16/16
  8230 | D:8      | Reached skill level 9 in Stealth
  9426 | D:8      | Reached skill level 10 in Stealth
 10133 | D:9      | Reached ** piety under Kikubaaqudgha
 10133 | D:9      | Reached skill level 11 in Stealth
 10151 | D:9      | Paralysed by fainting for 7 turns
 11176 | D:9      | Noticed an unseen horror
 11177 | D:9      | Reached skill level 12 in Stealth
 11177 | D:9      | Reached XP level 10. HP: 45/49 MP: 17/17
 11185 | D:9      | Killed an unseen horror
 11434 | D:8      | Reached skill level 5 in Spellcasting
 11786 | D:9      | Found a staircase to the Lair.
 11789 | D:9      | Found a sacrificial altar of Ru.
 11802 | D:9      | Lost mutation: Your body sometimes deteriorates upon taking damage. [evolution]
 12079 | D:9      | Reached *** piety under Kikubaaqudgha
 12079 | D:9      | Received a gift from Kikubaaqudgha
 12102 | D:9      | Identified Kikubaaqudgha's Reference Book on Black Magic (Kikubaaqudgha gifted it to you on level 9 of the Dungeon)
 12113 | D:9      | Learned a level 3 spell: Mephitic Cloud
 12966 | Lair:1   | Entered Level 1 of the Lair of Beasts
 13082 | Lair:1   | Noticed a black mamba
 13089 | Lair:1   | Killed a black mamba
 13099 | Lair:1   | Reached skill level 13 in Stealth
 13157 | Lair:1   | Noticed a seven-headed hydra
 13443 | Lair:1   | Reached skill level 10 in Dodging
 13456 | Lair:1   | Noticed a spiny frog
 13463 | Lair:1   | Reached XP level 11. HP: 46/53 MP: 13/21
 13482 | Lair:1   | HP: 2/53 [wolf (7)]
 14131 | Lair:1   | Lost mutation: You are clumsy. (Dex -2) [evolution]
 14131 | Lair:1   | Lost mutation: You evolve. [end of evolution]
 14236 | Lair:1   | HP: 2/54 [spiny frog (26)]
 14823 | Lair:1   | HP: 1/54 [seven-headed hydra (15)]
 14823 | Lair:1   | Mangled by a seven-headed hydra

Skill      XL: |  1  2  3  4  5  6  7  8  9 10 |
---------------+-------------------------------+-----
Short Blades   | 2 3 4 5 8 9 |  9.8
Stealth        | 5 6 8 12 13 | 13.6
Spellcasting   | 4 6 |  6.2
Hexes          | 4 7 8 9 |  9.7
Fighting       | 3 4 |  4.8
Dodging        | 8 10 | 10.6

Action                   |  1- 3 |  4- 6 |  7- 9 | 10-12 || total
-------------------------+-------+-------+-------+-------++-------
Melee: Dagger            |   125 |    83 |   574 |   291 ||  1073
Throw: Stone             |     4 |       |       |    14 ||    18
 Cast: Ensorcelled Hiber |    16 |    23 |    85 |   101 ||   225
       Corona            |     2 |       |       |       ||     2
       Confuse           |       |       |    48 |    29 ||    77
       Corpse Rot        |       |       |     1 |       ||     1
       Cure Poison       |       |       |     1 |       ||     1
       Tukima's Dance    |       |       |     1 |     1 ||     2
       Animate Skeleton  |       |       |     1 |     2 ||     3
  Use: Scroll            |       |     9 |    11 |     3 ||    23
       Potion            |       |     1 |    15 |     1 ||    17
 Stab: Sleeping          |    25 |    26 |    63 |    52 ||   166
       Distracted        |       |     5 |     1 |     2 ||     8
       Confused          |       |       |    11 |    14 ||    25
  Eat: Fruit             |       |     3 |     9 |     2 ||    14
       Bread ration      |       |       |     4 |     1 ||     5
Armor: Robe              |    17 |    10 |   109 |       ||   136
       Skin              |       |       |    11 |    13 ||    24
Dodge: Dodged            |   108 |    64 |   598 |   306 ||  1076
Block: Buckler           |       |       |       |    23 ||    23
